 Dungeon Crawl Stone Soup version 0.20-a0-689-g860b9ab (webtiles) character file.

443 graki42 the Magician (level 6, 0/32 HPs)
             Began as a Deep Elf Fire Elementalist on Feb 19, 2017.
             Slain by Blork the orc
             ... wielding a +0 hand axe
              (6 damage)
             ... on level 4 of the Dungeon.
             The game lasted 00:08:09 (2610 turns).

graki42 the Magician (Deep Elf Fire Elementalist)   Turns: 2610, Time: 00:08:09

Health: 0/32       AC:  9    Str:  7    XL:     6   Next: 71%
Magic:  2/16       EV: 12    Int: 20    God:
Gold:   198        SH:  0    Dex: 15    Spells: 5/16 levels left

rFire    . . .     SeeInvis .   (no weapon)
rCold    + . .     Gourm    .   r - +1 leather armour {rC+}
rNeg     . . .     Faith    .   (no shield)
rPois    .         Spirit   .   d - +2 helmet
rElec    .         Reflect  .   j - +0 cloak
rCorr    .         Harm     .   g - +0 pair of gloves
MR       .....                  (no boots)
Stlth    ++........             (no amulet)
Regen    0.1/turn               (no ring)
MPRegen  0.2/turn               (no ring)

@: very slightly contaminated
A: no striking features
a: no special abilities


You were on level 4 of the Dungeon.
You were not hungry.

You visited 1 branch of the dungeon, and saw 4 of its levels.

You collected 198 gold pieces.

Inventory:

Armour
 a - a +0 robe
 d - a +2 helmet (worn)
 g - a +0 pair of gloves (worn)
 j - a +0 cloak (worn)
 r - a +1 leather armour of cold resistance (worn)
Jewellery
 o - an uncursed ring of resist corrosion {unknown}
Scrolls
 e - a scroll of enchant armour {unknown}
 h - 4 scrolls of teleportation {unknown}
 k - 3 scrolls of enchant weapon {unknown}
 m - 2 scrolls of identify {unknown}
 p - a scroll of fear {unknown}
Potions
 f - 3 potions of haste {unknown}
 i - a potion of magic {unknown}
 q - a potion of curing
Books
 b - a book of Flames

   Spells                             Type                      Level
   a - Flame Tongue                   Conjuration/Fire             1
   b - Throw Flame                    Conjuration/Fire             2
   c - Conjure Flame                  Conjuration/Fire             3
   d - Inner Flame                    Hexes/Fire                   3
   e - Sticky Flame                   Conjuration/Fire             4
   f - Fireball                       Conjuration/Fire             5
Comestibles
 c - 5 bread rations
 n - a royal jelly


   Skills:
 + Level 0.1 Fighting
 + Level 0.2 Armour
 + Level 3.0 Dodging
 + Level 3.4 Stealth
 + Level 5.7 Spellcasting
 + Level 3.8 Conjurations
 + Level 5.4 Fire Magic


You had 5 spell levels left.
You knew the following spells:

 Your Spells              Type           Power        Failure   Level  Hunger
a - Flame Tongue          Conj/Fire      ###..        2%          1    None
b - Conjure Flame         Conj/Fire      ###.....     10%         3    ##.....
c - Inner Flame           Hex/Fire       ###.....     17%         3    ##.....
d - Sticky Flame          Conj/Fire      ###.....     24%         4    ####...


Dungeon Overview and Level Annotations

Branches:
Dungeon (4/15)
 Temple: D:4-7

Altars:
Makhleb

Annotations:
D:4 Blork the orc


Message History

Blork the orc is severely wounded.
It was a potion of curing.
You feel better.
Blork the orc gestures at you while chanting.
The magic dart hits you!
Blork the orc zaps a wand.
The puff of flame hits you!
It is a wand of flame (?/48).
Blork the orc zaps a wand.
The puff of flame misses you.
Blork the orc screams, "I'll make a cloak from your skin!"
Blork the orc casts a spell at you. The puff of flame hits you!
* * * LOW HITPOINT WARNING * * *
As you read the scroll labeled LOWETO XONNAN, it crumbles to dust.
It is a scroll of amnesia.
Forget which spell ([?*] list [ESC] exit)?
Forget which spell ([?*] list [ESC] exit)?
You don't know that spell.
Forget which spell ([?*] list [ESC] exit)?
Okay, then.
Blork the orc hits you with a hand axe.
You die...

...#..# ### #....# #..
#...## ### #.# #.... ...
#)# #...## #.# #.#
#######.(..###.. #.#
>...............
#.########>######.#.###..
#......o@..# #.#.# #.#
#..#.......######.#.# #.#
#..#................# #.#
#..........######.### #.#
##.#.......# #.# #.#
#.#......... ..# #.#
#.#.......### ### #<#
#.######.## #.# #.# #.
#.#


You could see Blork the orc.

Vanquished Creatures
  Grinder (D:3)
  Edmund (D:4)
  Jessica (D:2)
  A worker ant (D:4)
  3 adders
  An ooze (D:3)
  2 worms (D:3)
  3 dart slugs (D:1)
  A leopard gecko (D:1)
  An orc (D:3)
  5 bats
  A giant cockroach (D:2)
  6 goblins
  3 hobgoblins
  9 jackals
  2 frilled lizards (D:3)
  5 kobolds
  8 rats
54 creatures vanquished.

Notes
Turn   | Place    | Note
-------+----------+-------------------------------------------
     0 | D:1      | graki42 the Deep Elf Fire Elementalist began the quest for the Orb.
     0 | D:1      | Reached XP level 1. HP: 10/10 MP: 6/6
   315 | D:1      | Reached XP level 2. HP: 15/15 MP: 2/8
   993 | D:1      | Reached XP level 3. HP: 19/19 MP: 6/10
  1336 | D:2      | Noticed Jessica
  1342 | D:2      | Killed Jessica
  1470 | D:2      | Reached XP level 4. HP: 24/24 MP: 9/11
  1707 | D:3      | Noticed Grinder
  1716 | D:2      | Learned a level 3 spell: Conjure Flame
  1720 | D:2      | Learned a level 3 spell: Inner Flame
  1864 | D:3      | Killed Grinder
  1864 | D:3      | Reached skill level 5 in Spellcasting
  1864 | D:3      | Reached skill level 5 in Fire Magic
  1864 | D:3      | Reached XP level 5. HP: 22/28 MP: 7/14
  1864 | D:3      | Reached XP level 6. HP: 25/32 MP: 7/15
  1870 | D:3      | Learned a level 4 spell: Sticky Flame
  2215 | D:3      | Found a burning altar of Makhleb.
  2215 | D:3      | Noticed a cacodemon
  2218 | D:3      | Noticed a smoke demon
  2218 | D:3      | Noticed a hellwing
  2583 | D:4      | Noticed Edmund
  2591 | D:4      | Noticed Blork the orc
  2592 | D:4      | Killed Edmund
  2610 | D:4      | Slain by Blork the orc

Vault maps used:
D:1:      dpeg_arrival_rooms_a
D:2:      first_bread, uniq_jessica
D:3:      cheibrodos_helix_gallery, makhleb_altar_promises_db, uniq_grinder
D:4:      minmay_misc_feat_x, uniq_edmund, uniq_eustachio, uniq_blork_the_orc

Skill      XL: |  1  2  3  4  5  6 |
---------------+-------------------+-----
Fire Magic     | 4 5 |  5.4
Conjurations   | 2 3 |  3.8
Spellcasting   | 5 |  5.7
Stealth        | 3 |  3.4
Dodging        | 3 |  3.0
Fighting       | |  0.1
Armour         | |  0.2

Action                   |  1- 3 |  4- 6 || total
-------------------------+-------+-------++-------
 Cast: Flame Tongue      |    60 |    68 ||   128
       Conjure Flame     |       |     2 ||     2
  Use: Scroll            |       |     1 ||     1
       Potion            |       |     1 ||     1
  Eat: Chunk             |     2 |     3 ||     5
Armor: Robe              |     7 |     9 ||    16
       Leather armour    |       |     4 ||     4
Dodge: Dodged            |    20 |    15 ||    35
